[Event "Titled Tuesday Blitz May 25 2021"]
[White "Eynullayev, Atilla"]
[Black "Morris-Suzuki, Sophie"]
[WhiteFideId "13413570"]
[BlackFideId "30922615"]
[WhiteElo "1997"]
[BlackElo "2356"]
[Result "1-0"]
[Round "11"]
[TimeControl "180+1"]
[Date "2021.05.25"]
[WhiteClock "0:00:24"]
[BlackClock "0:00:01"]

1. e4 c5 2. Nf3 e6 3. d4 cxd4 4. Nxd4 Nc6 5. Nc3 Qc7 6. Be3 Nf6 7. f3 a6 8. Qd2 Bb4 9. O-O-O Ne7 10. f4 Nxe4 11. Qd3 Nxc3 12. bxc3 Bxc3 13. Nb3 d5 14. Bc5 Bf6 15. Kb1 Bd7 16. g4 Qxf4 17. Rg1 Bb5 18. Qh3 Nc6 19. Bg2 Qe5 20. Nd4 Bc4 21. Rge1 Qc7 22. Nb3 b6 23. Ba3 Na5 24. g5 Be7 25. Rxe6 fxe6 26. Qxe6 Qd7 27. Qe5 Nc6 28. Qxg7 O-O-O 29. Qh6 Bxa3 30. Bh3 Kb7 31. Bxd7 Rxd7 32. h4 Re8 33. h5 Re2 34. g6 hxg6 35. hxg6 Rg2 36. Qh3 Rg7 37. Qxg2 Ne7 38. Qg5 Rxg6 39. Qe5 Rc6 40. Rg1 a5 41. Rg7 Rc7 42. Nd4 Rd7 43. Nf5 Bd6 44. Nxd6+ Kc6 45. Rxe7 Rxd6 46. Re6 Rxe6 47. Qxe6+ Kc5 48. c3 b5 49. Qe3+ Kc6 50. Qd4 b4 51. Kb2 Kb5 52. cxb4 axb4 53. a3 bxa3+ 54. Kxa3 Ka5 55. Qc5+ Ka6 56. Kb4 Ba2 57. Qc6+ Ka7 58. Kc5 Bc4 59. Kd6 Kb8 60. Qb6+ Ka8 61. Kc7 Bb3 62. Qb7# 1-0


[Site "https://www.chess.com"]

[Event "Titled Tuesday Blitz May 25 2021"]
[White "Ezat, Mohamed"]
[Black "Loy, Konstantin"]
[WhiteFideId "10600906"]
[BlackFideId "14122499"]
[WhiteElo "2417"]
[BlackElo "2084"]
[Result "1-0"]
[Round "11"]
[TimeControl "180+1"]
[Date "2021.05.25"]
[WhiteClock "0:00:43"]
[BlackClock "0:00:03"]

1. e4 c5 2. d4 cxd4 3. c3 Nf6 4. e5 Nd5 5. Nf3 d6 6. Bc4 e6 7. O-O Nc6 8. cxd4 Be7 9. Nc3 Nxc3 10. bxc3 dxe5 11. Nxe5 Nxe5 12. dxe5 Qxd1 13. Rxd1 Bd7 14. Rb1 O-O-O 15. Be3 b6 16. Ba6+ Kc7 17. h3 Bc6 18. Rd4 Rxd4 19. cxd4 Bb7 20. Rc1+ Kb8 21. Bb5 Rd8 22. g4 a6 23. Bd3 Rc8 24. Rxc8+ Kxc8 25. Bxh7 Bd5 26. Bb1 b5 27. f4 b4 28. f5 a5 29. fxe6 Bxe6 30. Kg2 a4 31. Bc2 b3 32. axb3 a3 33. Bc1 Bb4 34. Kf3 Bd5+ 35. Ke2 Bc3 36. Bxa3 Bxd4 37. Bd6 Kd7 38. h4 g6 39. h5 gxh5 40. gxh5 f6 41. Bf5+ Kc6 42. h6 Bg8 43. h7 Bxh7 44. Bxh7 fxe5 45. Be7 Kb5 46. Bd3+ Kc6 47. Kf3 Kd5 48. Bc4+ Kc6 49. Ke4 Kb6 50. Bd6 Bf2 51. Bxe5 Ka5 52. Bc3+ Kb6 53. Bd4+ Bxd4 54. Kxd4 1-0


[Site "https://www.chess.com"]

[Event "Titled Tuesday Blitz May 25 2021"]
[White "Fayzullaev, Akmal"]
[Black "Tarasova, Viktoriya"]
[WhiteFideId "14200554"]
[BlackFideId "4175840"]
[WhiteElo "2264"]
[BlackElo "2182"]
[Result "1-0"]
[Round "11"]
[TimeControl "180+1"]
[Date "2021.05.25"]
[WhiteClock "0:00:39"]
[BlackClock "0:00:49"]

1. d4 Nf6 2. c4 e6 3. Nf3 b6 4. g3 Ba6 5. Qc2 c5 6. d5 exd5 7. cxd5 Bb7 8. Nc3 Nxd5 9. Nxd5 Bxd5 10. e4 Bb7 11. Bc4 Be7 12. O-O O-O 13. Bf4 d6 14. Rad1 Nc6 15. a3 Qc7 16. h4 Ne5 17. Be2 h6 18. Rd2 Rad8 19. Rfd1 Ng6 20. Be3 Bf6 21. Nh2 Rfe8 22. Ng4 Be7 23. Bc4 h5 24. Nh2 Bf6 25. f3 Ne5 26. Bd5 Bc8 27. Kf2 g6 28. Bf4 Kh7 29. Nf1 b5 30. a4 a6 31. axb5 axb5 32. Ne3 Be6 33. Ra1 c4 34. Ra6 Nd3+ 35. Rxd3 Qc8 36. Rda3 Bd4 37. Kg2 Bxe3 38. Bxe6 Rxe6 39. Bxe3 Rde8 40. Ra7 Kg8 41. Qc3 d5 42. Bh6 f6 43. Rg7+ Kh8 44. Raa7 1-0


[Site "https://www.chess.com"]

[Event "Titled Tuesday Blitz May 25 2021"]
[White "Fernandez, Daniel Howard"]
[Black "Shapiro, David"]
[WhiteFideId "5801605"]
[BlackFideId "24133523"]
[WhiteElo "2468"]
[BlackElo "2261"]
[Result "1-0"]
[Round "11"]
[TimeControl "180+1"]
[Date "2021.05.25"]
[WhiteClock "0:00:04"]
[BlackClock "0:00:02"]

1. e4 e5 2. Nf3 Nf6 3. Nc3 Nc6 4. Be2 d5 5. exd5 Nxd5 6. O-O Nxc3 7. bxc3 Bd6 8. d4 exd4 9. cxd4 O-O 10. Rb1 Rb8 11. Re1 Bf5 12. Bd3 Bxd3 13. Qxd3 Re8 14. Bg5 Qd7 15. Rxe8+ Rxe8 16. Rxb7 Nb4 17. Qd2 Qa4 18. c4 c5 19. dxc5 Bxc5 20. h3 Qxa2 21. Rxb4 Qxd2 22. Bxd2 Bxb4 23. Bxb4 Rb8 24. Bd6 Rb1+ 25. Kh2 a5 26. c5 Rc1 27. Nd4 a4 28. c6 f6 29. c7 Kf7 30. f4 Ke8 31. Nb5 Kd7 32. Kg3 g6 33. Kf3 f5 34. Ke3 h6 35. Kd4 g5 36. Ke5 gxf4 37. Kxf4 Rc6 38. Kxf5 Ra6 39. Kf4 Ra5 40. Na3 Rd5 41. Be5 Rd3 42. Nc4 Rb3 43. Kf5 a3 44. g4 a2 45. h4 Rb4 46. Na3 1-0


[Site "https://www.chess.com"]

[Event "Titled Tuesday Blitz May 25 2021"]
[White "Filali, Razzouki Marouane"]
[Black "Maksimovic, Bojan"]
[WhiteFideId "9003720"]
[BlackFideId "14408120"]
[WhiteElo "2073"]
[BlackElo "2437"]
[Result "0-1"]
[Round "11"]
[TimeControl "180+1"]
[Date "2021.05.25"]
[WhiteClock "0:00:22"]
[BlackClock "0:00:05"]

1. e4 c5 2. Nf3 Nc6 3. b4 e5 4. b5 Nd4 5. Bc4 d6 6. d3 Nf6 7. Nbd2 Be7 8. c3 Nxf3+ 9. Nxf3 O-O 10. O-O Be6 11. Bxe6 fxe6 12. Qb3 Qd7 13. a4 Rae8 14. Be3 Kh8 15. a5 Nh5 16. d4 exd4 17. cxd4 cxd4 18. Nxd4 Bd8 19. a6 Bb6 20. axb7 Qxb7 21. Nxe6 Qf7 22. Bxb6 axb6 23. Nd4 Qxb3 24. Nxb3 Rxe4 25. Ra6 Rb4 26. Nd2 Rxb5 27. Nc4 d5 28. Rxb6 Rxb6 29. Nxb6 Rd8 30. Rd1 Nf6 31. f3 Kg8 32. Kf2 Kf7 33. Ke3 Ke6 34. Kd4 Rb8 35. Kc5 Rd8 36. Re1+ Kf5 37. Re7 d4 38. Rxg7 d3 39. Nc4 d2 40. Ne3+ Kf4 41. Nd1 Rc8+ 42. Kd4 Rc1 43. g3+ Kxf3 44. Kd3 Rxd1 45. Rf7 Kg2 46. Rxf6 Rh1 47. Ke2 d1=Q+ 48. Ke3 Re1+ 49. Kf4 Qf3+ 50. Kg5 Re5+ 51. Rf5 Qxf5+ 52. Kh6 Qg6# 0-1


[Site "https://www.chess.com"]

[Event "Titled Tuesday Blitz May 25 2021"]
[White "Gabrielian, Artur"]
[Black "Ozen, Bahadir"]
[WhiteFideId "4131002"]
[BlackFideId "6337058"]
[WhiteElo "2539"]
[BlackElo "2503"]
[Result "1-0"]
[Round "11"]
[TimeControl "180+1"]
[Date "2021.05.25"]
[WhiteClock "0:00:14"]
[BlackClock "0:00:01"]

1. e4 e5 2. Nc3 Nf6 3. g3 d5 4. exd5 Nxd5 5. Bg2 Nxc3 6. bxc3 Nc6 7. Nf3 Bc5 8. O-O O-O 9. Re1 Qf6 10. d3 h6 11. Rb1 Bb6 12. a4 Re8 13. Be3 Bf5 14. Nd2 Rad8 15. Qf3 Qe6 16. Qe2 Bg4 17. Bf3 Bxf3 18. Qxf3 f5 19. Bxb6 axb6 20. Nc4 e4 21. Qf4 Re7 22. Rb5 Rd5 23. Rxd5 Qxd5 24. Ne3 Qe5 25. Nxf5 Rf7 26. dxe4 Qxc3 27. Rd1 Qxc2 28. Rd5 Qxa4 29. Qg4 Qa1+ 30. Kg2 Qf6 31. f4 Kh7 32. h4 Qe6 33. Qf3 Rd7 34. Rxd7 Qxd7 35. h5 b5 36. Qg4 Qf7 37. e5 Nd8 38. Ne3 Ne6 39. Qd1 Kh8 40. f5 Ng5 41. e6 Qe7 42. Qd7 Qa3 43. Qd8+ Kh7 44. Qd2 Qe7 45. Nd5 Qd6 46. Qd3 1-0


[Site "https://www.chess.com"]

[Event "Titled Tuesday Blitz May 25 2021"]
[White "Gelman, Alexander"]
[Black "Navalgund, Niranjan"]
[WhiteFideId "4118316"]
[BlackFideId "5030854"]
[WhiteElo "2375"]
[BlackElo "2290"]
[Result "1-0"]
[Round "11"]
[TimeControl "180+1"]
[Date "2021.05.25"]
[WhiteClock "0:00:11"]
[BlackClock "0:00:20"]

1. d4 Nf6 2. Nc3 d5 3. Bf4 c5 4. e3 e6 5. Nb5 Na6 6. c3 Be7 7. g4 O-O 8. g5 Ne4 9. f3 Bxg5 10. Bxg5 Qxg5 11. fxe4 Qh4+ 12. Kd2 Qxe4 13. Qf3 Qh4 14. Qg3 Qh6 15. Nf3 Bd7 16. h4 f6 17. Qf4 Qh5 18. Nd6 e5 19. Qg3 cxd4 20. cxd4 e4 21. Nh2 Qg6 22. Rg1 Qxg3 23. Rxg3 Nc7 24. Rc1 Ne6 25. Bh3 Rad8 26. b3 b6 27. Ng4 Kh8 28. Nf2 Nxd4 29. exd4 Bxh3 30. Nb7 Rd7 31. Nxh3 Rxb7 32. Nf4 Rd7 33. Ke3 Re8 34. h5 Kg8 35. Rc6 Kf7 36. b4 Ree7 37. b5 Re8 38. Rg1 Rg8 39. a4 g5 40. hxg6+ hxg6 41. Rh1 g5 42. Ne6 Re8 43. Rh7+ Kg6 44. Rxd7 g4 45. Rg7+ Kf5 46. Rxa7 g3 47. Rg7 Rxe6 48. Rxe6 Kxe6 49. Rxg3 f5 50. Kf4 Kf6 51. Rg5 Ke6 52. Rxf5 e3 53. Re5+ Kd6 54. Rxe3 1-0


[Site "https://www.chess.com"]

[Event "Titled Tuesday Blitz May 25 2021"]
[White "Gevorgyan, Maria"]
[Black "Senthil Maran K"]
[WhiteFideId "13300270"]
[BlackFideId "25035681"]
[WhiteElo "2210"]
[BlackElo "2194"]
[Result "1-0"]
[Round "11"]
[TimeControl "180+1"]
[Date "2021.05.25"]
[WhiteClock "0:00:07"]
[BlackClock "0:00:08"]

1. e4 c6 2. d4 d5 3. Nc3 dxe4 4. Nxe4 Bf5 5. Ng3 Bg6 6. h4 h6 7. Nh3 e6 8. Nf4 Bh7 9. c3 Nf6 10. Bd3 Bxd3 11. Qxd3 Bd6 12. Ngh5 Bxf4 13. Nxg7+ Kf8 14. Nxe6+ fxe6 15. Bxf4 Qd5 16. O-O-O Nbd7 17. c4 Qf5 18. Qa3+ Kf7 19. g3 b5 20. Rhe1 bxc4 21. Re3 c5 22. Rde1 Rhe8 23. dxc5 Qxc5 24. Qa4 Nb6 25. Qc2 Nbd5 26. Re5 c3 27. bxc3 Qxc3 28. Qxc3 Nxc3 29. Bxh6 Ncd5 30. Bg5 Rec8+ 31. Kb2 Rab8+ 32. Ka1 Rc2 33. Rxe6 Rbb2 34. Ra6 Rb7 35. h5 Nxh5 36. Rh1 Nhf6 37. Bxf6 Nxf6 38. g4 Rbb2 39. g5 Ne4 40. Rxa7+ Kg6 41. f4 Ng3 42. Ra6+ Kf5 43. Rg1 Kxf4 44. g6 Nf5 45. g7 Rg2 46. Rf1+ Rbf2 47. Rxf2+ Rxf2 48. g8=Q Ne3 49. Qf7+ Kg3 50. Qxf2+ Kxf2 51. Rf6+ Kg3 52. a4 Nd5 53. Rd6 Nb4 54. a5 Kf4 55. Kb2 Ke5 56. Rb6 Nd5 57. Rb5 Kd6 58. Kb3 Kc6 59. Rb8 Nc7 60. Ka4 Na6 61. Rb6+ Kc7 62. Rxa6 Kb7 63. Rb6+ Ka7 64. Rb1 Ka6 65. Kb4 1-0


[Site "https://www.chess.com"]

[Event "Titled Tuesday Blitz May 25 2021"]
[White "Gontcharov, Vladislav"]
[Black "Maiorov, Nikita"]
[WhiteFideId "4123492"]
[BlackFideId "13501720"]
[WhiteElo "2503"]
[BlackElo "2440"]
[Result "1-0"]
[Round "11"]
[TimeControl "180+1"]
[Date "2021.05.25"]
[WhiteClock "0:01:01"]
[BlackClock "0:00:10"]

1. e4 e5 2. Nf3 Nc6 3. Bc4 Bc5 4. d3 Nf6 5. c3 d6 6. Bb3 a6 7. O-O O-O 8. Be3 Bxe3 9. fxe3 Na5 10. Bc2 c5 11. Nbd2 b5 12. Qe1 Ng4 13. h3 Nh6 14. Qg3 f6 15. Nh4 Kh8 16. Rf2 Be6 17. a3 Rb8 18. Raf1 Nc6 19. Bb3 Bxb3 20. Nxb3 c4 21. Nc1 cxd3 22. Nxd3 Qe7 23. Nb4 Nxb4 24. axb4 Ra8 25. Ra1 Qb7 26. Qf3 Qb6 27. Ra5 Rac8 28. Kh2 Rc4 29. Rd2 Qc6 30. Rd5 f5 31. Nxf5 Nxf5 32. exf5 e4 33. Qd1 Qb6 34. Qd2 Rcc8 35. Ra1 Rce8 36. Rf1 Rf6 37. Qd4 Qc6 38. g4 h6 39. Rf4 Rf7 40. Rxe4 Rfe7 41. Rxe7 Rxe7 42. e4 Qc7 43. f6 Rf7 44. fxg7+ Kg8 45. Rxd6 Rf3 46. Kg2 Qf7 1-0


[Site "https://www.chess.com"]

[Event "Titled Tuesday Blitz May 25 2021"]
[White "Grochal, Joey"]
[Black "Weber, Samuel"]
[WhiteFideId "1019945"]
[BlackFideId "12924008"]
[WhiteElo "2265"]
[BlackElo "2240"]
[Result "1-0"]
[Round "11"]
[TimeControl "180+1"]
[Date "2021.05.25"]
[WhiteClock "0:00:15"]
[BlackClock "0:00:18"]

1. d4 Nf6 2. c4 e6 3. Nf3 c5 4. d5 exd5 5. cxd5 d6 6. Nc3 g6 7. e4 a6 8. a4 Bg4 9. Bf4 Bg7 10. h3 Bxf3 11. Qxf3 O-O 12. Bd3 Re8 13. O-O Qe7 14. Rfe1 Nbd7 15. Bf1 Ne5 16. Qd1 Rac8 17. Bh2 g5 18. Be2 Ng6 19. Bg4 Nxg4 20. Qxg4 Be5 21. Bxe5 Qxe5 22. a5 Rc7 23. Qf5 Nf4 24. Qxe5 Rxe5 25. Red1 c4 26. Ra4 Nd3 27. Rd2 f5 28. exf5 Rxf5 29. b3 cxb3 30. Rxd3 Rf4 31. Ra1 Rfc4 32. Nd1 Rc1 33. Rxc1 Rxc1 34. Kh2 Rc5 35. Rxb3 Rxd5 36. Ne3 Rxa5 37. Rxb7 Re5 38. Ra7 a5 39. Nc4 Re2 40. Kg3 d5 41. Nxa5 d4 42. Rd7 Ra2 43. Nc6 Ra3+ 44. f3 d3 45. Ne5 h5 46. Rxd3 Ra4 47. Rd7 h4+ 48. Kh2 Ra5 49. Ng4 Ra2 50. Nf6+ Kf8 51. Nh7+ Ke8 52. Rb7 Ra5 53. Rg7 Kd8 54. Rxg5 Ra4 55. Rg4 Ra2 56. Rxh4 Ke7 57. Rf4 Ke6 58. Ng5+ Ke5 59. Rf8 Kd4 60. h4 Ke3 61. Nh3 Ke2 62. h5 Kf1 63. Nf4 Ra4 64. h6 Ra6 65. Rh8 Rf6 66. Kg3 Rf5 67. h7 Kg1 68. Kg4 Rf7 69. g3 Kh2 70. Nh5 Ra7 71. f4 Ra5 72. f5 Ra4+ 73. Kg5 Kh3 74. Nf6 Rg4+ 75. Nxg4 Kxg3 76. Rg8 Kf3 77. h8=Q Kg3 78. Nf6 Kf3 79. Qh4 Kg2 80. Qg4+ Kf2 81. Rh8 Kf1 82. Rh3 Kf2 83. Qf3+ Ke1 84. Qg2 Kd1 85. Rh1# 1-0


[Site "https://www.chess.com"]

[Event "Titled Tuesday Blitz May 25 2021"]
[White "Gurevich, Dmitry"]
[Black "Langner, Ladislav"]
[WhiteFideId "2000407"]
[BlackFideId "300403"]
[WhiteElo "2506"]
[BlackElo "2346"]
[Result "1/2-1/2"]
[Round "11"]
[TimeControl "180+1"]
[Date "2021.05.25"]
[WhiteClock "0:00:36"]
[BlackClock "0:00:44"]

1. d4 Nf6 2. c4 g6 3. Nc3 d5 4. Nf3 Bg7 5. cxd5 Nxd5 6. Bd2 c5 7. Rc1 Nxc3 8. Bxc3 cxd4 9. Nxd4 O-O 10. e3 Bd7 11. Be2 Nc6 12. O-O Rc8 13. Nxc6 Bxc6 14. Bxg7 Kxg7 15. Bf3 Bxf3 16. Qxf3 Qb6 17. b3 Rfd8 18. h4 h5 19. Qe4 Rxc1 20. Rxc1 Qf6 21. Rc2 Rd1+ 22. Kh2 Qd6+ 23. Qf4 Qxf4+ 24. exf4 Rd7 25. Kg3 Rd3+ 26. Kh2 Kf6 27. g3 b6 28. Kg2 Rd6 29. Kf3 Ke6 30. Ke4 Kd7 31. f5 Rf6 32. fxg6 fxg6 33. f3 Kd6 34. g4 e5 35. Rg2 Rf4+ 36. Ke3 Kd5 37. Rd2+ Ke6 38. Rg2 Kd5 39. Rd2+ Ke6 40. Rg2 Kd5 1/2-1/2


[Site "https://www.chess.com"]

[Event "Titled Tuesday Blitz May 25 2021"]
[White "Harutjunyan, Gevorg"]
[Black "Iskusnyh, Sergei"]
[WhiteFideId "13300873"]
[BlackFideId "4120027"]
[WhiteElo "2498"]
[BlackElo "2492"]
[Result "1-0"]
[Round "11"]
[TimeControl "180+1"]
[Date "2021.05.25"]
[WhiteClock "0:00:49"]
[BlackClock "0:00:06"]

1. e4 e6 2. d4 d5 3. Nc3 Nf6 4. Bg5 dxe4 5. Nxe4 Nbd7 6. Nf3 h6 7. Bxf6 Nxf6 8. Bd3 Bd6 9. Qe2 Bd7 10. O-O-O Qe7 11. Ne5 O-O-O 12. f4 Nd5 13. g3 Be8 14. Bc4 f6 15. Nd3 Nb6 16. Bb3 Bc6 17. Rhe1 Bd5 18. Ndc5 Rhe8 19. c4 Bxe4 20. Nxe4 c5 21. Kb1 cxd4 22. c5 Bc7 23. cxb6 Bxb6 24. Nf2 Kb8 25. Nd3 Qd6 26. Bxe6 f5 27. Qe5 Qxe5 28. Rxe5 Bc7 29. Re2 Re7 30. Rde1 Rde8 31. b4 g6 32. Kc2 a5 33. a3 axb4 34. axb4 Bd6 35. Kd2 Rc7 36. Bd5 Rd8 37. Re8 Rxe8 38. Rxe8+ Ka7 39. Re6 1-0


[Site "https://www.chess.com"]

[Event "Titled Tuesday Blitz May 25 2021"]
[White "Hess, Robert"]
[Black "Ozkan, Ervin"]
[WhiteFideId "2022036"]
[BlackFideId "6306004"]
[WhiteElo "2729"]
[BlackElo "2596"]
[Result "0-1"]
[Round "11"]
[TimeControl "180+1"]
[Date "2021.05.25"]
[WhiteClock "0:00:03"]
[BlackClock "0:00:39"]

1. b3 d5 2. Bb2 Bf5 3. d3 e6 4. Nd2 Nf6 5. h3 h6 6. Ngf3 Nbd7 7. g4 Bg6 8. Rg1 a5 9. g5 hxg5 10. Nxg5 Bh5 11. c4 a4 12. Qc2 c6 13. e4 dxe4 14. dxe4 e5 15. Ngf3 Bxf3 16. Nxf3 Bb4+ 17. Ke2 Qe7 18. Ne1 Nh5 19. Nd3 a3 20. Bc1 Bc5 21. Nxc5 Nxc5 22. Be3 Ne6 23. Rd1 Nhf4+ 24. Kd2 O-O-O 25. Kc1 Rxd1+ 26. Qxd1 Rd8 27. Qe1 Nd4 28. Qa5 Nde2+ 29. Bxe2 Nxe2+ 30. Kc2 Nxg1 31. Bb6 Kd7 32. Bxd8 Qxd8 33. Qxe5 Qf6 34. Qg3 Qb2+ 35. Kd3 Qe2+ 36. Kc3 Nf3 37. Qg4+ Kc7 38. Qf4+ Kc8 39. Kb4 Qd2+ 40. Qxd2 Nxd2 41. Kxa3 Nxe4 42. f4 0-1


[Site "https://www.chess.com"]

[Event "Titled Tuesday Blitz May 25 2021"]
[White "Indjic, Aleksandar"]
[Black "Xiong, Jeffery"]
[WhiteFideId "911925"]
[BlackFideId "2047640"]
[WhiteElo "2643"]
[BlackElo "2724"]
[Result "0-1"]
[Round "11"]
[TimeControl "180+1"]
[Date "2021.05.25"]
[WhiteClock "0:00:01"]
[BlackClock "0:00:16"]

1. d4 d5 2. Nf3 Nf6 3. c4 dxc4 4. e3 e6 5. Bxc4 c5 6. O-O Nc6 7. Qe2 a6 8. a4 Qc7 9. Nc3 Bd6 10. Rd1 O-O 11. h3 h6 12. d5 exd5 13. Nxd5 Nxd5 14. Bxd5 Nb4 15. Bc4 Bf5 16. e4 Rfe8 17. Qd2 Rxe4 18. Bxf7+ Kxf7 19. Qxd6 Qxd6 20. Rxd6 Nc2 21. Ra2 Be6 22. b3 Bxb3 23. Rb2 c4 24. a5 Rae8 25. Kh2 R8e6 26. Rd7+ Re7 27. Rd6 R4e6 28. Rd8 Re2 29. Kg3 Ba4 30. Rb6 c3 31. Bf4 Na3 32. Rc8 Bc6 33. Rbxc6 bxc6 34. Rxc6 Nb5 35. Be3 c2 36. Nd4 R2xe3+ 37. fxe3 Rxe3+ 38. Nf3 Rc3 39. Rxc3 Nxc3 40. Ne5+ Ke6 41. Nd3 Ne2+ 42. Kf3 c1=Q 43. Nxc1 Nxc1 0-1


[Site "https://www.chess.com"]

[Event "Titled Tuesday Blitz May 25 2021"]
[White "Ivanov, Mike"]
[Black "Gracia Alvarez, Gerardo Antonio"]
[WhiteFideId "2613158"]
[BlackFideId "5109124"]
[WhiteElo "2197"]
[BlackElo "2148"]
[Result "1-0"]
[Round "11"]
[TimeControl "180+1"]
[Date "2021.05.25"]
[WhiteClock "0:00:31"]
[BlackClock "0:00:28"]

1. e4 c5 2. Nf3 Nc6 3. Bb5 g6 4. O-O Bg7 5. Re1 Nf6 6. e5 Nd5 7. Nc3 Nc7 8. Bxc6 dxc6 9. Ne4 b6 10. Nf6+ Kf8 11. Ne4 Bg4 12. d3 Bxe5 13. Nxe5 Bxd1 14. Bh6+ Kg8 15. Nxc6 Bxc2 16. Nxc5 bxc5 17. Nxe7+ Qxe7 18. Rxe7 Ne6 19. Re1 Rd8 20. R1xe6 fxe6 21. Rxa7 Bxd3 22. f3 Bc4 23. Kf2 Bd5 24. Kg3 Ra8 25. Rc7 Bxa2 26. Rg7+ 1-0


[Site "https://www.chess.com"]

[Event "Titled Tuesday Blitz May 25 2021"]
[White "Janaszak, Dawid"]
[Black "Estrada Nieto, Julian"]
[WhiteFideId "1119206"]
[BlackFideId "5101018"]
[WhiteElo "2332"]
[BlackElo "2270"]
[Result "1/2-1/2"]
[Round "11"]
[TimeControl "180+1"]
[Date "2021.05.25"]
[WhiteClock "0:02:13"]
[BlackClock "0:02:25"]

1. d4 d5 2. Nf3 Nf6 3. Bf4 c5 4. e3 Nc6 5. Nbd2 cxd4 6. exd4 Qb6 7. Nb3 Bf5 8. c3 e6 9. h3 Be7 10. a4 a6 11. a5 Qd8 12. Bd3 Bxd3 13. Qxd3 O-O 14. O-O Ne4 15. Rfe1 Bd6 16. Bxd6 Nxd6 17. Ne5 Rc8 18. Re3 1/2-1/2


[Site "https://www.chess.com"]

[Event "Titled Tuesday Blitz May 25 2021"]
[White "Jarovinsky, Alexey"]
[Black "Yuan, Qingyu"]
[WhiteFideId "14115131"]
[BlackFideId "8609772"]
[WhiteElo "2446"]
[BlackElo "2359"]
[Result "1-0"]
[Round "11"]
[TimeControl "180+1"]
[Date "2021.05.25"]
[WhiteClock "0:00:05"]
[BlackClock "0:00:01"]

1. Nc3 d5 2. e4 dxe4 3. Nxe4 Nd7 4. Bc4 Ngf6 5. Ng5 e6 6. Qe2 Nb6 7. Bb3 Be7 8. N1f3 O-O 9. d4 c5 10. dxc5 Bxc5 11. O-O Bd7 12. Ne5 h6 13. Ne4 Nxe4 14. Qxe4 Bb5 15. c4 Ba4 16. Qxb7 Bd4 17. Nf3 Rb8 18. Qe4 Bf6 19. Bf4 Rc8 20. Rfd1 Qe8 21. Bd6 Bc6 22. Qe3 Be7 23. Ne5 Bb7 24. c5 Nd5 25. Bxd5 Bxd5 26. Bxe7 Qxe7 27. b4 Qb7 28. Rd4 a5 29. a3 Ra8 30. Rb1 Rfc8 31. Rdd1 axb4 32. axb4 f6 33. Nf3 Rab8 34. h3 Qc7 35. Nd4 e5 36. Nf5 Rd8 37. Nd6 Be6 38. b5 Qe7 39. Rbc1 Ba2 40. Qd2 Be6 41. Qe3 Kh8 42. Qa3 Kg8 43. c6 Qc7 44. Qc5 Rb6 45. Nc4 Rxd1+ 46. Rxd1 Bxc4 47. Rd7 Qb8 48. Qxc4+ 1-0


[Site "https://www.chess.com"]

[Event "Titled Tuesday Blitz May 25 2021"]
[White "Jones, Gawain C B"]
[Black "Molina, Roberto Junio Brito"]
[WhiteFideId "409561"]
[BlackFideId "2109450"]
[WhiteElo "2657"]
[BlackElo "2402"]
[Result "1-0"]
[Round "11"]
[TimeControl "180+1"]
[Date "2021.05.25"]
[WhiteClock "0:00:30"]
[BlackClock "0:00:03"]

1. d4 d5 2. c4 c6 3. Nc3 Nf6 4. Nf3 dxc4 5. a4 Bf5 6. g3 Nbd7 7. Bg2 e6 8. O-O a5 9. Nh4 Bg4 10. h3 Bh5 11. g4 Bg6 12. Nxg6 hxg6 13. e4 e5 14. Be3 exd4 15. Bxd4 Bc5 16. e5 Nh7 17. Ne4 Bxd4 18. Nd6+ Ke7 19. Qxd4 Qb6 20. Qxc4 Nxe5 21. Rfe1 Kxd6 22. Rad1+ Kc7 23. Rxe5 Rad8 24. Qxf7+ Kb8 25. Rxd8+ Rxd8 26. Re8 Nf6 27. Rxd8+ Qxd8 28. Qxg7 g5 29. Qxg5 Qd1+ 30. Bf1 Nd5 31. Qd8+ Ka7 32. Qxa5+ Kb8 33. Qd8+ Ka7 34. a5 Qd2 35. a6 Qxb2 36. axb7 Kxb7 37. Qd7+ Kb6 38. Qc8 Qd2 39. Qb8+ Kc5 40. Qg3 Kd4 41. g5 Nf4 42. g6 Ke4 43. g7 Qd1 44. Qe3+ 1-0


[Site "https://www.chess.com"]

[Event "Titled Tuesday Blitz May 25 2021"]
[White "Julianos82"]
[Black "Garcia Garcia, Alejandro"]
[BlackFideId "3516334"]
[WhiteElo "2330"]
[BlackElo "2131"]
[Result "0-1"]
[Round "11"]
[TimeControl "180+1"]
[Date "2021.05.25"]
[WhiteClock "0:00:58"]
[BlackClock "0:00:48"]

1. d4 Nf6 2. Nf3 g6 3. c4 Bg7 4. Nc3 O-O 5. e4 d6 6. Be2 e5 7. Be3 exd4 8. Nxd4 Re8 9. f3 c6 10. Nc2 d5 11. cxd5 cxd5 12. exd5 Bf5 13. Bd4 Bxc2 14. Qxc2 Nxd5 15. Bxg7 Nb4 16. Qd2 Qxd2+ 17. Kxd2 Kxg7 18. Rad1 N8c6 19. a3 Rad8+ 20. Kc1 Na2+ 21. Nxa2 Rxe2 22. Rxd8 Nxd8 23. Rd1 Nc6 24. Rd2 Re1+ 25. Kc2 Kf6 26. b4 Ke7 27. Nc3 Ne5 28. Re2 Rxe2+ 29. Nxe2 Nc4 30. Kb3 Ne3 31. g3 Nf1 32. h4 Nd2+ 33. Kc3 Nxf3 34. Kc4 Kd6 35. Nf4 Nd2+ 36. Kd4 Nf1 37. g4 Nh2 38. h5 Nxg4 39. Ke4 Nf6+ 0-1


[Site "https://www.chess.com"]

[Event "Titled Tuesday Blitz May 25 2021"]
[White "Kamsky, Gata"]
[Black "Andreikin, Dmitry"]
[WhiteFideId "2000024"]
[BlackFideId "4158814"]
[WhiteElo "2644"]
[BlackElo "2782"]
[Result "1/2-1/2"]
[Round "11"]
[TimeControl "180+1"]
[Date "2021.05.25"]
[WhiteClock "0:00:14"]
[BlackClock "0:00:08"]

1. d4 Nf6 2. Nf3 b5 3. Bf4 Bb7 4. e3 a6 5. Nbd2 e6 6. a4 b4 7. h3 Be7 8. Bd3 O-O 9. O-O c5 10. c4 d6 11. Bh2 Nc6 12. Nb3 Na5 13. Nxa5 Qxa5 14. Re1 Rfd8 15. e4 cxd4 16. Nxd4 Nd7 17. Nb3 Qg5 18. Bf1 Nc5 19. Qc2 Qg6 20. f3 Rac8 21. Nxc5 Rxc5 22. Qd2 a5 23. Rad1 h6 24. b3 Bh4 25. Re2 Bg3 26. Bxg3 Qxg3 27. Qd4 Rg5 28. Kh1 Bc8 29. Qb6 Rf8 30. Qf2 Qxf2 31. Rxf2 Rd8 32. Rfd2 Kf8 33. Rxd6 Rxd6 34. Rxd6 Ke7 35. Rd2 Rc5 36. Kg1 f6 37. Kf2 e5 38. Ke3 Be6 39. Rd1 g5 40. g3 Rc8 41. Rd2 Rg8 42. Rh2 h5 43. h4 gxh4 44. gxh4 Kd6 45. Rg2 Rxg2 46. Bxg2 Kc5 47. Bf1 Bd7 48. Be2 Be8 49. Bd1 Bf7 50. Be2 Bg6 51. Bd3 Be8 52. Bc2 Bf7 53. Bd3 Be8 54. Bc2 Bf7 55. Bd3 Be8 1/2-1/2


[Site "https://www.chess.com"]

[Event "Titled Tuesday Blitz May 25 2021"]
[White "Kazakouski, Valery"]
[Black "Sjugirov, Sanan"]
[WhiteFideId "13507443"]
[BlackFideId "4189302"]
[WhiteElo "2546"]
[BlackElo "2472"]
[Result "0-1"]
[Round "11"]
[TimeControl "180+1"]
[Date "2021.05.25"]
[WhiteClock "0:00:35"]
[BlackClock "0:01:11"]

1. d4 Nf6 2. Nf3 c5 3. d5 b5 4. Bg5 g6 5. Bxf6 exf6 6. e4 a6 7. a4 b4 8. h3 d6 9. Bd3 Bg7 10. Nbd2 Nd7 11. Nc4 Nb6 12. Nfd2 O-O 13. a5 Nxc4 14. Nxc4 f5 15. exf5 Re8+ 16. Kf1 Bb7 17. fxg6 hxg6 18. Qf3 Qg5 19. h4 Qxd5 20. Qxd5 Bxd5 21. Nb6 Be6 22. Nxa8 Rxa8 23. Re1 Bxb2 24. Bxg6 Bc3 25. Re3 Bd4 26. Re2 c4 27. h5 Rb8 28. Rh4 Bf6 29. Rxe6 Bxh4 30. Re4 fxg6 31. Rxh4 b3 0-1


[Site "https://www.chess.com"]

[Event "Titled Tuesday Blitz May 25 2021"]
[White "Korkmaz, Necmettin"]
[Black "Quintin Navarro, Alberto"]
[WhiteFideId "6303285"]
[BlackFideId "2292688"]
[WhiteElo "2094"]
[BlackElo "2289"]
[Result "0-1"]
[Round "11"]
[TimeControl "180+1"]
[Date "2021.05.25"]
[WhiteClock "0:00:33"]
[BlackClock "0:00:52"]

1. d4 Nf6 2. c4 g6 3. Nc3 Bg7 4. Nf3 d6 5. Bg5 h6 6. Bh4 g5 7. Bg3 Nh5 8. e3 c5 9. d5 Nxg3 10. hxg3 Bxc3+ 11. bxc3 Kd7 12. e4 Kc7 13. e5 g4 14. exd6+ exd6 15. Nd2 Nd7 16. Qxg4 Ne5 17. Qd1 Re8 18. Be2 Nd3+ 19. Kf1 Ne5 20. Rxh6 Bf5 21. Nf3 Ng4 22. Rh4 Qf6 23. Qd2 Rh8 24. Qf4 Qxc3 25. Rc1 Qb2 26. Re1 Bd7 27. Rxg4 Bxg4 28. Qxg4 Rh1+ 29. Ng1 Re8 30. Qf3 Re7 31. a3 Qd2 32. g4 Rxg1+ 33. Kxg1 Qxe1+ 34. Kh2 Qxe2 0-1


[Site "https://www.chess.com"]